 Dungeon Crawl Stone Soup version 0.31-a0-1165-g196b491b36 (webtiles) character file.

Game seed: 7859399900199612250

75 Curundu the Trooper (level 4, 0/41 HPs)
             Began as a Minotaur Berserker on Dec 9, 2023.
             Was a Believer of Trog.
             Slain by a gnoll
             ... wielding a +0 halberd
              (2 damage)
             ... on level 2 of the Dungeon.
             The game lasted 00:05:29 (1244 turns).

Curundu the Trooper (Minotaur Berserker)            Turns: 1244, Time: 00:05:29

Health: 0/41       AC:  6    Str: 24    XL:     4   Next: 11%
Magic:  1/1        EV: 10    Int:  4    God:    Trog [**....]
Gold:   50         SH:  0    Dex:  9    Spells: 3/3 levels left

rFire   . . .        k - +2 dagger (antimagic)
rCold   . . .        (no shield)
rNeg    . . .        f - +0 scale mail
rPois   .            (helmet restricted)
rElec   .            (no cloak)
rCorr   .            (no gloves)
SInv    .            (no boots)
Will    .....        (no amulet) Stlth
                     (no ring)
HPRegen 0.26/turn    (no ring)
MPRegen 0.07/turn

%: no passive effects
@: no status effects
A: horns 2, retaliatory headbutt
a: Renounce Religion, Berserk, Trog's Hand


You were on level 2 of the Dungeon.
You worshipped Trog.
Trog was pleased with you.
You visited 1 branch of the dungeon, and saw 2 of its levels.

You collected 50 gold pieces.

Inventory:

Hand Weapons
 a - a +0 spear
 c - a +1 dagger of flaming
 k - a +2 antimagic dagger (weapon)
Missiles
 d - 10 stones (quivered)
 n - a throwing net
Armour
 b - a +0 animal skin
 f - a +0 scale mail (worn)
Scrolls
 e - a scroll of amnesia {unknown}
 g - a scroll of teleportation {unknown}
 h - 2 scrolls of identify {unknown}
 i - a scroll of enchant weapon {unknown}
 j - a scroll of butterflies {unknown}
Potions
 l - a potion of brilliance {unknown}
 m - a potion of heal wounds {unknown}


   Skills:
 + Level 4.5 Fighting
 + Level 1.4 Short Blades
 + Level 4.3 Polearms
 + Level 3.1 Armour
 + Level 2.3 Dodging
 + Level 0.1 Stealth


You had 3 spell levels left.
You didn't know any spells.
Your spell library was empty.

Dungeon Overview and Level Annotations

Branches:
Dungeon (2/15)

Altars:


Innate Abilities, Weirdness & Mutations

You have a pair of horns on your head.
You reflexively headbutt those who attack you in melee.


Message History

The stone hits the gnoll but does no damage.
The gnoll is moderately wounded.
The gnoll hits you but does no damage. x2
The gnoll attacks as it pursues you! The gnoll barely misses you.
The gnoll attacks as it pursues you! The gnoll hits you but does no damage.
You see here a worm corpse.
You hit the gnoll.
The gnoll is lightly wounded.
The gnoll hits you with a +0 club.
The gnoll hits you from afar with a +0 halberd!
You hit the gnoll but do no damage.
The gnoll is lightly wounded.
The gnoll closely misses you.
The gnoll hits you from afar with a +0 halberd.
You hit the gnoll.
The gnoll is moderately wounded.
The gnoll barely misses you.
The gnoll hits you from afar with a +0 halberd.
The gnoll barely misses you.
You hit the gnoll. Your headbutt misses the gnoll.
The gnoll is severely wounded.
The gnoll hits you with a +0 club. The gnoll misses you.
The gnoll barely misses you.
You closely miss the gnoll. Your headbutt misses the gnoll.
The gnoll is severely wounded.
The gnoll hits you with a +0 club.
* * * LOW HITPOINT WARNING * * *
The gnoll closely misses you. x2
You hit the gnoll.
The gnoll is almost dead.
The gnoll hits you but does no damage. The gnoll closely misses you.
The gnoll barely misses you.
The gnoll hits you from afar with a +0 spear.
* * * LOW HITPOINT WARNING * * *
You barely miss the gnoll. Your headbutt misses the gnoll.
The gnoll is almost dead.
The gnoll closely misses you. You furiously retaliate!
You headbutt the gnoll, but do no damage.
The gnoll hits you from afar with a +0 halberd.
You die...

#.......# #
...).?..###.#
......gg..#.###
...####g#.....#
#.g.###.## ##†.# .#
#..###..#
######g......##
#...@ggg.......
......###g.#......
####. #..#.##.## #
#########..#.##.##.##
.............#†.....# #
........#<####).#.#....
.......<..))))......#
##.######.####.######
#.# #.#


You could see 5 gnolls.

Vanquished Creatures
  Robin (D:2)
  An adder (D:2)
  A worm (D:2)
  2 dart slugs (D:1)
  3 ball pythons
  4 bats
  3 endoplasms (D:1)
  A giant cockroach (D:1)
  8 goblins (D:2)
  5 hobgoblins
  4 jackals (D:2)
  2 quokkas (D:1)
  A frilled lizard (D:1)
  6 kobolds
  2 rats (D:1)
44 creatures vanquished.

Notes
Turn   | Place    | Note
-------+----------+-------------------------------------------
     0 | D:1      | Curundu the Minotaur Berserker began the quest for the Orb.
     0 | D:1      | Reached XP level 1. HP: 19/19 MP: 0/0
   309 | D:1      | Reached XP level 2. HP: 27/27 MP: 1/1
   468 | D:1      | Found a faded altar of an unknown god.
   556 | D:1      | Reached skill level 1 in Short Blades
   816 | D:1      | Reached XP level 3. HP: 31/33 MP: 2/2
   992 | D:2      | Noticed Robin
   995 | D:2      | Reached ** piety under Trog
  1025 | D:2      | Killed Robin
  1094 | D:2      | Reached XP level 4. HP: 20/41 MP: 1/3
  1243 | D:2      | HP: 2/41 [gnoll/+0 spear (6)]
  1244 | D:2      | Slain by a gnoll

Illustrated notes

Levels and vault maps discovered:
D:1:      eino_arrival_water_star, layout_loops_corners,
          chequers_ecumenical_altar_simple_redux,
          nicolae_concentric_dashed_squares_wild, minmay_cupped
D:2:      layout_loops_ring, serial_shops, nicolae_shop_tiny_statue_garden,
          shop_statue, shop, uniq_robin, uniq_sigmund

Skill      XL: |  1  2  3 |
---------------+----------+-----
Polearms       | 4 |  4.3
Short Blades   | 1 |  1.4
Fighting       | 4 |  4.5
Armour         | 3 |  3.1
Dodging        | |  2.3
Stealth        | |  0.1

Action                     |  1- 3 |  4- 6 || total
---------------------------+-------+-------++-------
  Melee: Dagger            |    98 |    14 ||   112
         Spear             |     6 |       ||     6
         Headbutt          |    18 |     2 ||    20
         Punch             |     1 |       ||     1
  Throw: Stone             |     5 |    17 ||    22
 Armour: Animal skin       |     9 |       ||     9
         Scale mail        |    70 |    15 ||    85
  Dodge: Dodged            |    65 |    16 ||    81

Table legend: (Time is in decaauts)
 A = Elapsed time spent in this place.
 B = Non-inter-level travel time spent in this place.
 C = Inter-level travel time spent in this place.
 D = Time resting spent in this place.
 E = Time spent auto-exploring this place.
 F = Levels seen in this place.
 G = Mean time per level.
                   A        B        C        D        E       F      G
               +--------+--------+--------+--------+--------+-----+--------+
         Total |   1244 |   1244 |      0 |    113 |    774 |   2 |  622.0 |
       Dungeon |   1244 |   1244 |      0 |    113 |    774 |   2 |  622.0 |
               +--------+--------+--------+--------+--------+-----+--------+

Top non-repeatable levels by time:
     D:1: 986 daAuts
     D:2: 257 daAuts
